Winnipeg Jets vs Colorado Rockies
(R1)
Created - Saturday, April 29, 2023 at 09:31
Goals
|
| Winnipeg Jets |
0 |
2 |
0 |
2 |
| Colorado Rockies |
0 |
2 |
2 |
4 |
|
Shots
|
| Winnipeg Jets |
7 |
7 |
19 |
33 |
| Colorado Rockies |
8 |
12 |
18 |
38 |
|
1st period
No Goal
Penalties :
Kyle Palmieri (WPG) for Hooking (Minor) at 0:48, Roman Josi (COL) for Interference (Minor) at 9:17
2nd period
1. Winnipeg Jets , Connor McDavid 13 (Mathew Barzal 14, Brandon Montour 11) at 1:29
2. Colorado Rockies , David Pastrnak 16 (Nick Schmaltz 12, Roman Josi 10) at 7:48 (PP)
3. Colorado Rockies , Jesper Bratt 8 (Tim Stutzle 12, Roman Josi 11) at 10:37
4. Winnipeg Jets , Brandon Montour 4 (Dylan Larkin 17) at 16:29 (PP)
Penalties :
Victor Hedman (COL) for Hooking (Minor) at 1:47, Quinn Hughes (COL) for Holding (Minor) at 4:28, Jacob Trouba (WPG) for Interference (Minor) at 7:11, Ryan Nugent-Hopkins (WPG) for Tripping (Minor) at 10:42, Quinn Hughes (COL) for High sticking (Minor) at 16:15
3rd period
5. Colorado Rockies , Nikita Kucherov 16 (Kyle Connor 20, Evgeny Kuznetsov 25) at 9:23 (PP)
6. Colorado Rockies , Kyle Connor 20 (Nikita Kucherov 36) at 19:39 (Empty Net)
Penalties :
Dylan Strome (COL) for Cross-checking (Minor) at 2:45, Ryan Nugent-Hopkins (WPG) for Hooking (Minor) at 7:54, Evgeny Kuznetsov (COL) for High sticking (Minor) at 13:12, Victor Hedman (COL) for Interference (Minor) at 13:54
Goalie Stats
Connor Hellebuyck (WPG), 34 saves from 37 shots - (0.919), L, 16-13-3, 58:51 minutes
Andrei Vasilevskiy (COL), 31 saves from 33 shots - (0.939), W, 19-8-2, 60:00 minutes
Players Stats for Winnipeg Jets
Player Name G A P +/- PIM S H SB GA TA FO MP PP MP PK MP
------------------------------------------------------------------------------------
Aaron Ekblad 0 0 0 0 0 2 0 2 1 0 0/0 23:54 5:41 3:16
Andrew Cogliano 0 0 0 -1 0 1 1 2 0 0 0/0 10:07 0:08 2:51
Andrew Copp 0 0 0 0 0 2 1 1 1 2 0/0 18:18 5:12 0:00
Brandon Montour 1 1 2 0 0 3 0 0 0 1 0/0 23:19 5:10 2:48
Connor McDavid 1 0 1 0 0 3 0 0 3 0 15/34 21:28 5:20 2:58
Dylan Larkin 0 1 1 0 0 3 1 0 1 0 6/18 17:20 5:31 0:00
Jacob Trouba 0 0 0 -1 2 3 2 1 0 0 0/0 23:56 5:10 2:48
John Klingberg 0 0 0 0 0 1 1 2 0 0 0/0 12:09 0:00 0:00
Jonathan Marchessault 0 0 0 -1 0 0 1 0 2 0 0/0 8:01 0:00 0:57
Kevin Shattenkirk 0 0 0 -1 0 0 0 0 0 1 0/0 12:47 0:00 0:00
Kyle Palmieri 0 0 0 0 2 1 2 1 1 1 1/1 13:05 0:00 2:04
Mark Stone 0 0 0 0 0 3 0 0 0 0 0/2 17:20 5:31 0:00
Mathew Barzal 0 1 1 0 0 0 0 1 1 0 1/1 11:21 0:03 0:15
Nick Suzuki 0 0 0 0 0 1 2 0 0 1 7/8 14:05 0:00 3:03
Ryan Nugent-Hopkins 0 0 0 0 4 4 2 1 0 1 1/1 18:35 5:17 0:00
Sam Steel 0 0 0 -1 0 1 0 0 0 0 2/2 6:53 0:00 0:00
Seth Jones 0 0 0 0 0 2 0 1 0 0 0/0 23:54 5:41 3:16
Tyler Toffoli 0 0 0 0 0 3 3 0 1 2 1/1 17:20 5:31 0:00
Players Stats for Colorado Rockies
Player Name G A P +/- PIM S H SB GA TA FO MP PP MP PK MP
------------------------------------------------------------------------------------
David Pastrnak 1 0 1 0 0 3 0 0 0 0 0/1 13:52 2:45 0:00
Dylan Strome 0 0 0 1 2 2 1 0 0 2 7/14 10:54 0:00 0:00
Evgeny Kuznetsov 0 1 1 1 2 2 0 1 0 0 11/20 15:43 3:19 0:07
Jakub Vrana 0 0 0 -1 0 1 0 0 0 0 0/0 6:29 0:00 0:00
Jesper Bratt 1 0 1 1 0 7 0 0 0 1 1/2 11:05 0:00 0:00
Kevin Hayes 0 0 0 -1 0 2 2 1 0 0 0/1 13:31 0:00 5:22
Kyle Connor 1 1 2 1 0 1 3 0 2 1 0/0 18:17 3:19 2:40
Martin Fehervary 0 0 0 0 0 0 1 2 1 2 0/0 18:18 0:00 7:10
Nick Bonino 0 0 0 -1 0 0 0 1 0 0 2/4 9:09 0:00 2:40
Nick Schmaltz 0 1 1 0 0 0 0 0 1 0 0/0 15:51 2:45 1:13
Nikita Kucherov 1 1 2 1 0 2 4 0 1 0 0/0 15:37 3:19 0:00
Quinn Hughes 0 0 0 2 4 3 0 1 0 0 0/0 21:37 3:50 0:55
Roman Josi 0 2 2 2 2 2 0 1 0 2 0/0 22:49 3:50 2:24
Ryan O'Reilly 0 0 0 0 0 6 1 1 0 0 13/26 20:35 2:45 6:43
Shea Theodore 0 0 0 0 0 1 0 0 0 0 0/0 13:33 0:00 3:25
Tim Stutzle 0 1 1 1 0 3 1 0 1 0 0/0 14:41 0:00 1:40
Victor Hedman 0 0 0 -1 4 1 1 1 2 0 0/0 22:51 2:14 4:13
Zach Werenski 0 0 0 -1 0 2 1 1 1 3 0/0 22:53 2:14 3:34
3 Stars
1 - Nikita Kucherov (COL)
2 - Kyle Connor (COL)
3 - Andrei Vasilevskiy (COL)
Power Play
Winnipeg Jets - 1 on 7 Attempt(s) - 14.29%
Colorado Rockies - 2 on 4 Attempt(s) - 50.00%
Penalty Kill
Winnipeg Jets - 2 on 4 Attempt(s) - 50.00%
- Score 0 goal in Penalty Kill
Colorado Rockies - 6 on 7 Attempt(s) - 85.71%
- Score 0 goal in Penalty Kill
Team Stat
Winnipeg Jets - Hits : 16 - Faceoff Wins : 34 - Blocked Shots : 12 - Penalty Minutes : 8
Colorado Rockies - Hits : 15 - Faceoff Wins : 34 - Blocked Shots : 10 - Penalty Minutes : 14
Official
Referees : Steve Kozari and Greg Kimmerly
Linesman : Matt MacPherson and Steve Barton
Game Notes
Kyle Connor has scored in a empty net!
Finance
Level 1 -- Attendance: 5490 (91.50%) -- Ticket Income $494,100
Level 2 -- Attendance: 4544 (90.88%) -- Ticket Income $249,920
Level 3 -- Attendance: 2546 (84.87%) -- Ticket Income $89,110
Level 4 -- Attendance: 4074 (81.48%) -- Ticket Income $101,850
Luxury Box -- Attendance: 1000 (100.00%) -- Ticket Income $175,000
Game was played at the Pepsi Center.
Total Attendance: 17654 (88.27%)
Total Ticket Income: $1,109,980
Other Income: $388,493
Total Income: $1,498,473
Winnipeg Jets
5 vs 5 Forward
Center Left Wing Right Wing Time % Phy DF OF
1 Connor McDavid Ryan Nugent-Hopkins Andrew Copp 30 1 2 2
2 Dylan Larkin Tyler Toffoli Mark Stone 30 1 2 2
3 Nick Suzuki Mathew Barzal Kyle Palmieri 25 1 2 2
4 Sam Steel Jonathan Marchessault Andrew Cogliano 15 1 2 2
5 vs 5 Defense
Defense Defense Time % Phy DF OF
1 Aaron Ekblad Seth Jones 35 1 2 2
2 Brandon Montour Jacob Trouba 35 1 2 2
3 Kevin Shattenkirk John Klingberg 30 1 2 2
4 Aaron Ekblad Seth Jones 0 1 2 2
PowerPlay Forward
Center Left Wing Right Wing Time % Phy DF OF
1 Connor McDavid Ryan Nugent-Hopkins Andrew Copp 50 1 2 2
2 Dylan Larkin Tyler Toffoli Mark Stone 50 1 2 2
PowerPlay Defense
Defense Defense Time % Phy DF OF
1 Aaron Ekblad Seth Jones 50 1 2 2
2 Brandon Montour Jacob Trouba 50 1 2 2
Penalty Kill 4 Players Forward
Center Wing Time % Phy DF OF
1 Connor McDavid Andrew Cogliano 50 1 2 2
2 Nick Suzuki Kyle Palmieri 50 1 2 2
Penalty Kill 4 Players Defense
Defense Defense Time % Phy DF OF
1 Aaron Ekblad Seth Jones 50 1 2 2
2 Brandon Montour Jacob Trouba 50 1 2 2
Penalty Kill - 3 Players Forward
Forward Time % Phy DF OF
1 Andrew Cogliano 50 1 2 2
2 Ryan Nugent-Hopkins 50 1 2 2
Penalty Kill - 3 Players Defense
Defense Defense Time % Phy DF OF
1 Aaron Ekblad Seth Jones 50 1 2 2
2 Brandon Montour Jacob Trouba 50 1 2 2
4 vs 4 Forward
Center Wing Time % Phy DF OF
1 Connor McDavid Ryan Nugent-Hopkins 50 1 2 2
2 Dylan Larkin Nick Suzuki 50 1 2 2
4 vs 4 Defense
Defense Defense Time % Phy DF OF
1 Aaron Ekblad Seth Jones 50 1 2 2
2 Brandon Montour Jacob Trouba 50 1 2 2
Last Minutes Offensive
Center Left Wing Right Wing Defense Defense
Connor McDavid Ryan Nugent-Hopkins Andrew Copp Aaron Ekblad Seth Jones
Last Minutes Defensive
Center Left Wing Right Wing Defense Defense
Nick Suzuki Andrew Cogliano Sam Steel Aaron Ekblad Seth Jones
Goaltenders
Starting : Connor Hellebuyck
Backup : Jake Allen
Extra Forwards
Normal : Andrew Cogliano, Mathew Barzal, Jonathan Marchessault - PP : Andrew Cogliano, Mathew Barzal - PK : Jonathan Marchessault
Extra Defensemen
Normal : Kevin Shattenkirk, John Klingberg, Brandon Montour - PP : Kevin Shattenkirk - PK : John Klingberg, Brandon Montour
Penalty Shots
Connor McDavid, Ryan Nugent-Hopkins, Dylan Larkin, Nick Suzuki, Andrew Copp
Colorado Rockies
5 vs 5 Forward
Center Left Wing Right Wing Time % Phy DF OF
1 Evgeny Kuznetsov Kyle Connor Nikita Kucherov 30 1 2 2
2 Ryan O'Reilly Nick Schmaltz David Pastrnak 29 1 2 2
3 Dylan Strome Tim Stutzle Jesper Bratt 29 1 2 2
4 Nick Bonino Kevin Hayes Jakub Vrana 12 1 2 2
5 vs 5 Defense
Defense Defense Time % Phy DF OF
1 Victor Hedman Zach Werenski 35 1 2 2
2 Quinn Hughes Roman Josi 35 1 2 2
3 Shea Theodore Martin Fehervary 22 1 2 2
4 Zach Werenski Shea Theodore 8 1 2 2
PowerPlay Forward
Center Left Wing Right Wing Time % Phy DF OF
1 Evgeny Kuznetsov Kyle Connor Nikita Kucherov 60 1 1 3
2 Ryan O'Reilly Nick Schmaltz David Pastrnak 40 1 2 2
PowerPlay Defense
Defense Defense Time % Phy DF OF
1 Quinn Hughes Roman Josi 60 1 2 2
2 Zach Werenski Victor Hedman 40 1 2 2
Penalty Kill 4 Players Forward
Center Wing Time % Phy DF OF
1 Ryan O'Reilly Kevin Hayes 60 1 2 2
2 Nick Bonino Kyle Connor 40 1 2 2
Penalty Kill 4 Players Defense
Defense Defense Time % Phy DF OF
1 Martin Fehervary Victor Hedman 60 1 2 2
2 Roman Josi Shea Theodore 40 1 2 2
Penalty Kill - 3 Players Forward
Forward Time % Phy DF OF
1 Ryan O'Reilly 60 1 2 2
2 Kevin Hayes 40 1 2 2
Penalty Kill - 3 Players Defense
Defense Defense Time % Phy DF OF
1 Martin Fehervary Victor Hedman 60 1 2 2
2 Roman Josi Shea Theodore 40 1 2 2
4 vs 4 Forward
Center Wing Time % Phy DF OF
1 Ryan O'Reilly Nikita Kucherov 60 1 2 2
2 Evgeny Kuznetsov David Pastrnak 40 1 2 2
4 vs 4 Defense
Defense Defense Time % Phy DF OF
1 Zach Werenski Roman Josi 60 1 2 2
2 Victor Hedman Quinn Hughes 40 1 2 2
Last Minutes Offensive
Center Left Wing Right Wing Defense Defense
Evgeny Kuznetsov Kyle Connor Nikita Kucherov Victor Hedman Roman Josi
Last Minutes Defensive
Center Left Wing Right Wing Defense Defense
Evgeny Kuznetsov Kyle Connor Nikita Kucherov Victor Hedman Roman Josi
Goaltenders
Starting : Andrei Vasilevskiy
Backup : Ilya Samsonov
Extra Forwards
Normal : Jesper Bratt, Tim Stutzle, Nick Schmaltz - PP : Jesper Bratt, Tim Stutzle - PK : Kevin Hayes
Extra Defensemen
Normal : Shea Theodore, Martin Fehervary, Zach Werenski - PP : Shea Theodore - PK : Martin Fehervary, Zach Werenski
Penalty Shots
Jakub Vrana, Evgeny Kuznetsov, Tim Stutzle, Shea Theodore, Jesper Bratt
% Time on Ice - Winnipeg Jets
Lines # - Real PCT - Wanted PCT - Time Play
Normal Forward
1 - 30% - 30% - 12:30
2 - 28% - 30% - 12:00
3 - 26% - 25% - 10:51
4 - 16% - 15% - 6:53
Normal Defense
1 - 35% - 35% - 14:57
2 - 36% - 35% - 15:21
3 - 28% - 30% - 11:56
4 - 0% - 0% - 0:00
PP Forward
1 - 49% - 50% - 5:20
2 - 51% - 50% - 5:31
PP Defense
1 - 52% - 50% - 5:41
2 - 48% - 50% - 5:10
PK Forward
1 - 49% - 50% - 2:58
2 - 51% - 50% - 3:06
PK Defense
1 - 54% - 50% - 3:16
2 - 46% - 50% - 2:48
PK3 Forward
1 - 0% - 50%
2 - 0% - 50%
PK3 Defense
1 - 0% - 50%
2 - 0% - 50%
44 Forward
1 - 0% - 50%
2 - 0% - 50%
44 Defense
1 - 0% - 50%
2 - 0% - 50%
Last Minute Offensive - 0:51
Last Minute Defensive - 0:00
Total
Forward - 60:00
Defense - 60:00
|
% Time on Ice - Colorado Rockies
Lines # - Real PCT - Wanted PCT - Time Play
Normal Forward
1 - 33% - 30% - 13:52
2 - 26% - 29% - 11:07
3 - 25% - 29% - 10:45
4 - 15% - 12% - 6:29
Normal Defense
1 - 38% - 35% - 16:05
2 - 38% - 35% - 16:00
3 - 21% - 22% - 8:42
4 - 3% - 8% - 1:26
PP Forward
1 - 55% - 60% - 3:19
2 - 45% - 40% - 2:45
PP Defense
1 - 63% - 60% - 3:50
2 - 37% - 40% - 2:14
PK Forward
1 - 72% - 60% - 6:54
2 - 28% - 40% - 2:40
PK Defense
1 - 66% - 60% - 6:21
2 - 34% - 40% - 3:13
PK3 Forward
1 - 100% - 60% - 1:17
2 - 0% - 40% - 0:00
PK3 Defense
1 - 84% - 60% - 1:05
2 - 16% - 40% - 0:12
44 Forward
1 - 0% - 60%
2 - 0% - 40%
44 Defense
1 - 0% - 60%
2 - 0% - 40%
Last Minute Offensive - 0:00
Last Minute Defensive - 0:52
Total
Forward - 60:00
Defense - 60:00
|
Play-by-Play
1st period
0:01 of 1st period - Evgeny Kuznetsov wins face-off versus Connor McDavid in neutral zone.
0:03 of 1st period - Off-side.
0:04 of 1st period - Evgeny Kuznetsov wins face-off versus Connor McDavid in neutral zone.
0:17 of 1st period - Slapshot by Connor McDavid.
0:17 of 1st period - Shot Misses the Net.
0:33 of 1st period - Aaron Ekblad is hit by Ryan O'Reilly.
0:37 of 1st period - Wrist shot by Mark Stone.
0:37 of 1st period - Stopped by Andrei Vasilevskiy without a rebound.
0:38 of 1st period - Nick Suzuki wins face-off versus Ryan O'Reilly in Colorado Rockies zone.
0:48 of 1st period - Minor Penalty to Kyle Palmieri for Hooking.
0:49 of 1st period - Connor McDavid wins face-off versus Evgeny Kuznetsov in Winnipeg Jets zone.
2:48 of 1st period - Penalty to Kyle Palmieri is over, Kyle Palmieri is back on ice.
3:09 of 1st period - Kevin Shattenkirk is hit by Tim Stutzle and loses puck.
3:20 of 1st period - Kevin Hayes is hit by John Klingberg and loses puck.
4:41 of 1st period - Victor Hedman is hit by Jacob Trouba and loses puck.
4:54 of 1st period - Ryan Nugent-Hopkins is hit by Kyle Connor.
5:19 of 1st period - John Klingberg is hit by Martin Fehervary and loses puck.
5:32 of 1st period - Slapshot by Roman Josi.
5:32 of 1st period - Deflect By Jakub Vrana.
5:32 of 1st period - Stopped by Connor Hellebuyck without a rebound.
5:33 of 1st period - Nick Suzuki wins face-off versus Kevin Hayes in Winnipeg Jets zone.
5:58 of 1st period - Dylan Strome is hit by Tyler Toffoli and loses puck.
6:05 of 1st period - Snap shot by Dylan Larkin.
6:05 of 1st period - Shot Misses the Net.
6:07 of 1st period - Backhand shot by Seth Jones.
6:07 of 1st period - Shot Misses the Net.
6:09 of 1st period - Slapshot by Seth Jones.
6:09 of 1st period - Stopped by Andrei Vasilevskiy with a rebound.
6:45 of 1st period - Snap shot by David Pastrnak.
6:45 of 1st period - Shot Blocked by John Klingberg.
7:10 of 1st period - Slapshot by Kevin Shattenkirk.
7:10 of 1st period - Deflect By Tyler Toffoli.
7:10 of 1st period - Shot Misses the Net.
7:10 of 1st period - Puck is out of play.
7:11 of 1st period - Nick Bonino wins face-off versus Mark Stone in Colorado Rockies zone.
7:18 of 1st period - Snap shot by Kevin Hayes.
7:18 of 1st period - Shot Misses the Net.
7:38 of 1st period - Jakub Vrana is hit by Nick Suzuki and loses puck.
8:29 of 1st period - Kyle Connor is hit by Jonathan Marchessault and loses puck.
8:54 of 1st period - Snap shot by Dylan Strome.
8:54 of 1st period - Stopped by Connor Hellebuyck without a rebound.
8:55 of 1st period - Ryan O'Reilly wins face-off versus Nick Suzuki in Winnipeg Jets zone.
9:00 of 1st period - Backhand shot by David Pastrnak.
9:00 of 1st period - Deflect By Brandon Montour.
9:00 of 1st period - Stopped by Connor Hellebuyck with a rebound.
9:17 of 1st period - Minor Penalty to Roman Josi for Interference.
9:18 of 1st period - Connor McDavid wins face-off versus Ryan O'Reilly in Colorado Rockies zone.
10:46 of 1st period - Mark Stone is hit by Kyle Connor and loses puck.
11:17 of 1st period - Penalty to Roman Josi is over, Roman Josi is back on ice.
12:45 of 1st period - Icing by Zach Werenski.
12:46 of 1st period - Evgeny Kuznetsov wins face-off versus Connor McDavid in Colorado Rockies zone.
12:50 of 1st period - Off-side.
12:51 of 1st period - Connor McDavid wins face-off versus Evgeny Kuznetsov in neutral zone.
13:10 of 1st period - Snap shot by Andrew Copp.
13:10 of 1st period - Stopped by Andrei Vasilevskiy with a rebound.
13:12 of 1st period - Slapshot by Jacob Trouba.
13:12 of 1st period - Stopped by Andrei Vasilevskiy without a rebound.
13:13 of 1st period - Dylan Strome wins face-off versus Mark Stone in Colorado Rockies zone.
13:13 of 1st period - Dylan Strome is hit by Tyler Toffoli.
13:23 of 1st period - Zach Werenski is hit by Dylan Larkin and loses puck.
14:12 of 1st period - Slapshot by Evgeny Kuznetsov.
14:12 of 1st period - Stopped by Connor Hellebuyck without a rebound.
14:13 of 1st period - Dylan Strome wins face-off versus Dylan Larkin in Winnipeg Jets zone.
14:20 of 1st period - Wrist shot by Tim Stutzle.
14:20 of 1st period - Stopped by Connor Hellebuyck with a rebound.
14:26 of 1st period - Roman Josi is hit by Tyler Toffoli and loses puck.
15:27 of 1st period - Wrist shot by Kevin Hayes.
15:27 of 1st period - Stopped by Connor Hellebuyck without a rebound.
15:28 of 1st period - Dylan Larkin wins face-off versus Nick Bonino in Winnipeg Jets zone.
15:28 of 1st period - Dylan Larkin is hit by Kevin Hayes.
16:08 of 1st period - Mark Stone is hit by Kevin Hayes and loses puck.
16:41 of 1st period - Snap shot by Dylan Larkin.
16:41 of 1st period - Stopped by Andrei Vasilevskiy without a rebound.
16:42 of 1st period - Jesper Bratt wins face-off versus Connor McDavid in Colorado Rockies zone.
17:18 of 1st period - Victor Hedman is hit by Kyle Palmieri and loses puck.
17:43 of 1st period - Wrist shot by Kyle Connor.
17:43 of 1st period - Shot Blocked by Andrew Cogliano.
17:45 of 1st period - Wrist shot by Evgeny Kuznetsov.
17:45 of 1st period - Deflect By Kyle Connor.
17:45 of 1st period - Shot Misses the Net.
17:45 of 1st period - Puck is out of play.
17:46 of 1st period - Connor McDavid wins face-off versus Dylan Strome in Winnipeg Jets zone.
17:57 of 1st period - Wrist shot by Jesper Bratt.
17:57 of 1st period - Stopped by Connor Hellebuyck with a rebound.
18:42 of 1st period - Wrist shot by Jonathan Marchessault.
18:42 of 1st period - Deflect By Sam Steel.
18:42 of 1st period - Stopped by Andrei Vasilevskiy with a rebound.
18:44 of 1st period - Snap shot by Andrew Cogliano.
18:44 of 1st period - Stopped by Andrei Vasilevskiy without a rebound.
18:45 of 1st period - Dylan Strome wins face-off versus Connor McDavid in Colorado Rockies zone.
18:45 of 1st period - Dylan Strome is hit by Jacob Trouba.
18:52 of 1st period - Off-side.
18:53 of 1st period - Connor McDavid wins face-off versus Dylan Strome in neutral zone.
18:58 of 1st period - Slapshot by Jesper Bratt.
18:58 of 1st period - Stopped by Connor Hellebuyck without a rebound.
18:59 of 1st period - Dylan Larkin wins face-off versus Ryan O'Reilly in Winnipeg Jets zone.
19:28 of 1st period - Off-side.
19:29 of 1st period - Evgeny Kuznetsov wins face-off versus Connor McDavid in neutral zone.
19:38 of 1st period - Wrist shot by Nikita Kucherov.
19:38 of 1st period - Shot Blocked by Ryan Nugent-Hopkins.
19:40 of 1st period - Snap shot by Kyle Connor.
19:40 of 1st period - Shot Blocked by Aaron Ekblad.
19:42 of 1st period - Slapshot by Roman Josi.
19:42 of 1st period - Deflect By Nikita Kucherov.
19:42 of 1st period - Shot Misses the Net.
19:42 of 1st period - Puck is out of play.
19:43 of 1st period - Dylan Larkin wins face-off versus Dylan Strome in Winnipeg Jets zone.
Goals for this period are 0 for Winnipeg Jets vs 0 for Colorado Rockies.
Shots for this period are 7 for Winnipeg Jets vs 8 for Colorado Rockies.
2nd period
0:01 of 2nd period - Ryan O'Reilly wins face-off versus Connor McDavid in neutral zone.
0:04 of 2nd period - Slapshot by Victor Hedman.
0:04 of 2nd period - Shot Blocked by Andrew Copp.
0:12 of 2nd period - Snap shot by David Pastrnak.
0:12 of 2nd period - Shot Misses the Net.
0:52 of 2nd period - Mathew Barzal is hit by Nikita Kucherov and loses puck.
1:29 of 2nd period - Snap shot by Connor McDavid.
1:29 of 2nd period - Goal by Connor McDavid - Winnipeg Jets : 1 - Colorado Rockies : 0.
1:30 of 2nd period - Tyler Toffoli wins face-off versus Dylan Strome in neutral zone.
1:30 of 2nd period - Tyler Toffoli is hit by Zach Werenski.
1:47 of 2nd period - Minor Penalty to Victor Hedman for Hooking.
1:48 of 2nd period - Dylan Larkin wins face-off versus Ryan O'Reilly in Colorado Rockies zone.
1:48 of 2nd period - Wrist shot by Tyler Toffoli.
1:48 of 2nd period - Stopped by Andrei Vasilevskiy without a rebound.
1:49 of 2nd period - Ryan O'Reilly wins face-off versus Dylan Larkin in Colorado Rockies zone.
2:02 of 2nd period - Slapshot by Mark Stone.
2:02 of 2nd period - Shot Misses the Net.
3:47 of 2nd period - Penalty to Victor Hedman is over, Victor Hedman is back on ice.
4:07 of 2nd period - Kyle Palmieri is hit by Kyle Connor.
4:28 of 2nd period - Minor Penalty to Quinn Hughes for Holding.
4:29 of 2nd period - Ryan O'Reilly wins face-off versus Connor McDavid in Colorado Rockies zone.
6:28 of 2nd period - Penalty to Quinn Hughes is over, Quinn Hughes is back on ice.
6:51 of 2nd period - Snap shot by Nikita Kucherov.
6:51 of 2nd period - Shot Misses the Net.
7:05 of 2nd period - Snap shot by Jesper Bratt.
7:05 of 2nd period - Stopped by Connor Hellebuyck with a rebound.
7:09 of 2nd period - Wrist shot by Jesper Bratt.
7:09 of 2nd period - Stopped by Connor Hellebuyck with a rebound.
7:11 of 2nd period - Minor Penalty to Jacob Trouba for Interference.
7:12 of 2nd period - Nick Suzuki wins face-off versus Evgeny Kuznetsov in Winnipeg Jets zone.
7:12 of 2nd period - Nick Suzuki is hit by Nikita Kucherov.
7:48 of 2nd period - Slapshot by Nick Schmaltz.
7:48 of 2nd period - Deflect By David Pastrnak.
7:48 of 2nd period - Goal by David Pastrnak - Winnipeg Jets : 1 - Colorado Rockies : 1.
7:49 of 2nd period - Ryan O'Reilly wins face-off versus Connor McDavid in neutral zone.
8:16 of 2nd period - Dylan Larkin is hit by Victor Hedman and loses puck.
8:39 of 2nd period - Snap shot by Tim Stutzle.
8:39 of 2nd period - Shot Misses the Net.
8:41 of 2nd period - Snap shot by Tim Stutzle.
8:41 of 2nd period - Shot Misses the Net.
8:45 of 2nd period - Wrist shot by Jesper Bratt.
8:45 of 2nd period - Shot Blocked by John Klingberg.
8:47 of 2nd period - Slapshot by Zach Werenski.
8:47 of 2nd period - Shot Misses the Net.
8:49 of 2nd period - Snap shot by Dylan Strome.
8:49 of 2nd period - Stopped by Connor Hellebuyck with a rebound.
8:51 of 2nd period - Snap shot by Dylan Strome.
8:51 of 2nd period - Shot Misses the Net.
9:09 of 2nd period - Snap shot by Jakub Vrana.
9:09 of 2nd period - Shot Blocked by Andrew Cogliano.
10:10 of 2nd period - Snap shot by Jonathan Marchessault.
10:10 of 2nd period - Shot Blocked by Quinn Hughes.
10:37 of 2nd period - Snap shot by Jesper Bratt.
10:37 of 2nd period - Goal by Jesper Bratt - Winnipeg Jets : 1 - Colorado Rockies : 2.
10:38 of 2nd period - Ryan O'Reilly wins face-off versus Connor McDavid in neutral zone.
10:42 of 2nd period - Minor Penalty to Ryan Nugent-Hopkins for Tripping.
10:43 of 2nd period - Evgeny Kuznetsov wins face-off versus Connor McDavid in Winnipeg Jets zone.
11:20 of 2nd period - Snap shot by Ryan O'Reilly.
11:20 of 2nd period - Shot Blocked by Kyle Palmieri.
11:22 of 2nd period - Slapshot by Zach Werenski.
11:22 of 2nd period - Stopped by Connor Hellebuyck with a rebound.
11:24 of 2nd period - Snap shot by Nick Schmaltz.
11:24 of 2nd period - Shot Misses the Net.
11:26 of 2nd period - Slapshot by Ryan O'Reilly.
11:26 of 2nd period - Stopped by Connor Hellebuyck with a rebound.
11:58 of 2nd period - Nick Schmaltz is hit by Kyle Palmieri and loses puck.
12:42 of 2nd period - Penalty to Ryan Nugent-Hopkins is over, Ryan Nugent-Hopkins is back on ice.
12:52 of 2nd period - Wrist shot by Kevin Hayes.
12:52 of 2nd period - Stopped by Connor Hellebuyck without a rebound.
12:53 of 2nd period - Nick Bonino wins face-off versus Dylan Larkin in Winnipeg Jets zone.
12:56 of 2nd period - Wrist shot by Jakub Vrana.
12:56 of 2nd period - Shot Misses the Net.
13:08 of 2nd period - Slapshot by Tyler Toffoli.
13:08 of 2nd period - Shot Misses the Net.
13:10 of 2nd period - Snap shot by John Klingberg.
13:10 of 2nd period - Deflect By Mark Stone.
13:10 of 2nd period - Shot Blocked by Nick Bonino.
13:10 of 2nd period - Puck is out of play.
13:11 of 2nd period - Connor McDavid wins face-off versus Evgeny Kuznetsov in Colorado Rockies zone.
14:19 of 2nd period - Icing by John Klingberg.
14:20 of 2nd period - Nick Suzuki wins face-off versus Nick Bonino in Winnipeg Jets zone.
14:32 of 2nd period - Off-side.
14:33 of 2nd period - Ryan O'Reilly wins face-off versus Connor McDavid in neutral zone.
14:58 of 2nd period - Quinn Hughes is hit by Andrew Copp and loses puck.
15:05 of 2nd period - Snap shot by Ryan O'Reilly.
15:05 of 2nd period - Stopped by Connor Hellebuyck with a rebound.
15:09 of 2nd period - Snap shot by David Pastrnak.
15:09 of 2nd period - Stopped by Connor Hellebuyck without a rebound.
15:10 of 2nd period - Evgeny Kuznetsov wins face-off versus Dylan Larkin in Winnipeg Jets zone.
15:21 of 2nd period - Snap shot by Nikita Kucherov.
15:21 of 2nd period - Deflect By Mark Stone.
15:21 of 2nd period - Shot Misses the Net.
15:21 of 2nd period - Puck is out of play.
15:22 of 2nd period - Evgeny Kuznetsov wins face-off versus Dylan Larkin in Winnipeg Jets zone.
15:33 of 2nd period - Slapshot by Kyle Connor.
15:33 of 2nd period - Shot Hit the Post.
15:35 of 2nd period - Wrist shot by Kyle Connor.
15:35 of 2nd period - Deflect By Nikita Kucherov.
15:35 of 2nd period - Stopped by Connor Hellebuyck without a rebound.
15:36 of 2nd period - Ryan O'Reilly wins face-off versus Connor McDavid in Winnipeg Jets zone.
15:37 of 2nd period - Slapshot by David Pastrnak.
15:37 of 2nd period - Deflect By Ryan O'Reilly.
15:37 of 2nd period - Stopped by Connor Hellebuyck without a rebound.
15:38 of 2nd period - Connor McDavid wins face-off versus Ryan O'Reilly in Winnipeg Jets zone.
15:43 of 2nd period - Wrist shot by Seth Jones.
15:43 of 2nd period - Stopped by Andrei Vasilevskiy with a rebound.
16:07 of 2nd period - Wrist shot by Aaron Ekblad.
16:07 of 2nd period - Deflect By Mark Stone.
16:07 of 2nd period - Shot Misses the Net.
16:07 of 2nd period - Puck is out of play.
16:08 of 2nd period - Dylan Larkin wins face-off versus Evgeny Kuznetsov in Colorado Rockies zone.
16:13 of 2nd period - Snap shot by Dylan Larkin.
16:13 of 2nd period - Shot Hit the Post.
16:15 of 2nd period - Minor Penalty to Quinn Hughes for High sticking.
16:16 of 2nd period - Ryan O'Reilly wins face-off versus Dylan Larkin in Colorado Rockies zone.
16:29 of 2nd period - Slapshot by Brandon Montour.
16:29 of 2nd period - Goal by Brandon Montour - Winnipeg Jets : 2 - Colorado Rockies : 2.
16:30 of 2nd period - Connor McDavid wins face-off versus Ryan O'Reilly in neutral zone.
16:37 of 2nd period - Backhand shot by Ryan Nugent-Hopkins.
16:37 of 2nd period - Deflect By Victor Hedman.
16:37 of 2nd period - Stopped by Andrei Vasilevskiy without a rebound.
16:38 of 2nd period - Ryan Nugent-Hopkins wins face-off versus David Pastrnak in Colorado Rockies zone.
16:50 of 2nd period - Snap shot by Ryan Nugent-Hopkins.
16:50 of 2nd period - Stopped by Andrei Vasilevskiy with a rebound.
17:04 of 2nd period - Snap shot by Connor McDavid.
17:04 of 2nd period - Shot Hit the Post.
17:23 of 2nd period - Off-side.
17:24 of 2nd period - Evgeny Kuznetsov wins face-off versus Dylan Larkin in neutral zone.
17:58 of 2nd period - Dylan Strome is hit by Nick Suzuki and loses puck.
19:54 of 2nd period - Wrist shot by Dylan Larkin.
19:54 of 2nd period - Shot Misses the Net.
19:56 of 2nd period - Snap shot by Tyler Toffoli.
19:56 of 2nd period - Shot Blocked by Evgeny Kuznetsov.
19:58 of 2nd period - Wrist shot by Jacob Trouba.
19:58 of 2nd period - Stopped by Andrei Vasilevskiy without a rebound.
19:59 of 2nd period - Nick Suzuki wins face-off versus Dylan Strome in Colorado Rockies zone.
Goals for this period are 2 for Winnipeg Jets vs 2 for Colorado Rockies.
Shots for this period are 7 for Winnipeg Jets vs 12 for Colorado Rockies.
3rd period
0:01 of 3rd period - Dylan Strome wins face-off versus Dylan Larkin in neutral zone.
0:04 of 3rd period - Slapshot by Roman Josi.
0:04 of 3rd period - Stopped by Connor Hellebuyck with a rebound.
0:16 of 3rd period - Slapshot by Quinn Hughes.
0:16 of 3rd period - Deflect By Tim Stutzle.
0:16 of 3rd period - Stopped by Connor Hellebuyck without a rebound.
0:17 of 3rd period - Kyle Palmieri wins face-off versus Evgeny Kuznetsov in Winnipeg Jets zone.
0:30 of 3rd period - Wrist shot by Quinn Hughes.
0:30 of 3rd period - Stopped by Connor Hellebuyck with a rebound.
0:32 of 3rd period - Slapshot by Quinn Hughes.
0:32 of 3rd period - Stopped by Connor Hellebuyck without a rebound.
0:33 of 3rd period - Dylan Strome wins face-off versus Dylan Larkin in Winnipeg Jets zone.
0:44 of 3rd period - Slapshot by Jesper Bratt.
0:44 of 3rd period - Stopped by Connor Hellebuyck without a rebound.
0:45 of 3rd period - Evgeny Kuznetsov wins face-off versus Connor McDavid in Winnipeg Jets zone.
2:00 of 3rd period - Snap shot by Brandon Montour.
2:00 of 3rd period - Stopped by Andrei Vasilevskiy without a rebound.
2:01 of 3rd period - Connor McDavid wins face-off versus Ryan O'Reilly in Colorado Rockies zone.
2:14 of 3rd period - Nick Schmaltz is hit by Ryan Nugent-Hopkins and loses puck.
2:35 of 3rd period - Slapshot by Ryan O'Reilly.
2:35 of 3rd period - Stopped by Connor Hellebuyck with a rebound.
2:37 of 3rd period - Slapshot by Shea Theodore.
2:37 of 3rd period - Stopped by Connor Hellebuyck without a rebound.
2:38 of 3rd period - Sam Steel wins face-off versus Dylan Strome in Winnipeg Jets zone.
2:38 of 3rd period - Sam Steel is hit by Dylan Strome.
2:45 of 3rd period - Minor Penalty to Dylan Strome for Cross-checking.
2:46 of 3rd period - Connor McDavid wins face-off versus Ryan O'Reilly in Colorado Rockies zone.
4:45 of 3rd period - Penalty to Dylan Strome is over, Dylan Strome is back on ice.
4:57 of 3rd period - Snap shot by Evgeny Kuznetsov.
4:57 of 3rd period - Stopped by Connor Hellebuyck without a rebound.
4:58 of 3rd period - Mathew Barzal wins face-off versus Dylan Strome in Winnipeg Jets zone.
5:13 of 3rd period - Wrist shot by Jesper Bratt.
5:13 of 3rd period - Shot Blocked by Mathew Barzal.
5:23 of 3rd period - Nikita Kucherov is hit by Andrew Cogliano and loses puck.
5:32 of 3rd period - Slapshot by John Klingberg.
5:32 of 3rd period - Stopped by Andrei Vasilevskiy with a rebound.
5:50 of 3rd period - Slapshot by Mark Stone.
5:50 of 3rd period - Shot Misses the Net.
5:54 of 3rd period - Snap shot by Dylan Larkin.
5:54 of 3rd period - Stopped by Andrei Vasilevskiy without a rebound.
5:55 of 3rd period - Dylan Strome wins face-off versus Connor McDavid in Colorado Rockies zone.
6:06 of 3rd period - Snap shot by Jesper Bratt.
6:06 of 3rd period - Stopped by Connor Hellebuyck with a rebound.
7:27 of 3rd period - Off-side.
7:28 of 3rd period - Dylan Strome wins face-off versus Connor McDavid in neutral zone.
7:49 of 3rd period - Snap shot by Tim Stutzle.
7:49 of 3rd period - Stopped by Connor Hellebuyck with a rebound.
7:54 of 3rd period - Minor Penalty to Ryan Nugent-Hopkins for Hooking.
7:55 of 3rd period - Connor McDavid wins face-off versus Evgeny Kuznetsov in Winnipeg Jets zone.
8:27 of 3rd period - Slapshot by Roman Josi.
8:27 of 3rd period - Stopped by Connor Hellebuyck with a rebound.
8:29 of 3rd period - Slapshot by David Pastrnak.
8:29 of 3rd period - Shot Blocked by Seth Jones.
8:31 of 3rd period - Backhand shot by Ryan O'Reilly.
8:31 of 3rd period - Stopped by Connor Hellebuyck without a rebound.
8:32 of 3rd period - Nick Suzuki wins face-off versus Evgeny Kuznetsov in Winnipeg Jets zone.
9:03 of 3rd period - Snap shot by Kyle Palmieri.
9:03 of 3rd period - Stopped by Andrei Vasilevskiy without a rebound.
9:04 of 3rd period - Nick Suzuki wins face-off versus Ryan O'Reilly in Colorado Rockies zone.
9:11 of 3rd period - Snap shot by Nick Suzuki.
9:11 of 3rd period - Deflect By Kyle Palmieri.
9:11 of 3rd period - Shot Misses the Net.
9:11 of 3rd period - Puck is out of play.
9:12 of 3rd period - Evgeny Kuznetsov wins face-off versus Connor McDavid in Colorado Rockies zone.
9:23 of 3rd period - Slapshot by Nikita Kucherov.
9:23 of 3rd period - Goal by Nikita Kucherov - Winnipeg Jets : 2 - Colorado Rockies : 3.
9:24 of 3rd period - Evgeny Kuznetsov wins face-off versus Dylan Larkin in neutral zone.
11:05 of 3rd period - Wrist shot by Evgeny Kuznetsov.
11:05 of 3rd period - Shot Misses the Net.
11:31 of 3rd period - Slapshot by Ryan Nugent-Hopkins.
11:31 of 3rd period - Shot Blocked by Ryan O'Reilly.
12:07 of 3rd period - Wrist shot by Aaron Ekblad.
12:07 of 3rd period - Shot Misses the Net.
12:09 of 3rd period - Slapshot by Aaron Ekblad.
12:09 of 3rd period - Stopped by Andrei Vasilevskiy with a rebound.
13:12 of 3rd period - Minor Penalty to Evgeny Kuznetsov for High sticking.
13:13 of 3rd period - Ryan O'Reilly wins face-off versus Connor McDavid in Colorado Rockies zone.
13:24 of 3rd period - Wrist shot by Andrew Copp.
13:24 of 3rd period - Shot Blocked by Martin Fehervary.
13:26 of 3rd period - Snap shot by Connor McDavid.
13:26 of 3rd period - Shot Misses the Net.
13:28 of 3rd period - Snap shot by Brandon Montour.
13:28 of 3rd period - Stopped by Andrei Vasilevskiy with a rebound.
13:30 of 3rd period - Snap shot by Ryan Nugent-Hopkins.
13:30 of 3rd period - Stopped by Andrei Vasilevskiy without a rebound.
13:31 of 3rd period - Ryan O'Reilly wins face-off versus Dylan Larkin in Colorado Rockies zone.
13:40 of 3rd period - Snap shot by Victor Hedman.
13:40 of 3rd period - Deflect By Dylan Larkin.
13:40 of 3rd period - Stopped by Connor Hellebuyck with a rebound.
13:46 of 3rd period - Wrist shot by Tyler Toffoli.
13:46 of 3rd period - Stopped by Andrei Vasilevskiy with a rebound.
13:48 of 3rd period - Slapshot by Brandon Montour.
13:48 of 3rd period - Shot Blocked by Martin Fehervary.
13:54 of 3rd period - Minor Penalty to Victor Hedman for Interference.
13:55 of 3rd period - Dylan Larkin wins face-off versus Ryan O'Reilly in Colorado Rockies zone.
14:02 of 3rd period - Wrist shot by Dylan Larkin.
14:02 of 3rd period - Shot Misses the Net.
14:06 of 3rd period - Wrist shot by Dylan Larkin.
14:06 of 3rd period - Shot Misses the Net.
14:10 of 3rd period - Slapshot by Dylan Larkin.
14:10 of 3rd period - Stopped by Andrei Vasilevskiy without a rebound.
14:11 of 3rd period - Connor McDavid wins face-off versus Ryan O'Reilly in Colorado Rockies zone.
14:14 of 3rd period - Snap shot by Connor McDavid.
14:14 of 3rd period - Stopped by Andrei Vasilevskiy without a rebound.
14:15 of 3rd period - Connor McDavid wins face-off versus Ryan O'Reilly in Colorado Rockies zone.
14:24 of 3rd period - Slapshot by Connor McDavid.
14:24 of 3rd period - Stopped by Andrei Vasilevskiy with a rebound.
14:50 of 3rd period - Wrist shot by Mark Stone.
14:50 of 3rd period - Stopped by Andrei Vasilevskiy without a rebound.
14:51 of 3rd period - Connor McDavid wins face-off versus Ryan O'Reilly in Colorado Rockies zone.
14:58 of 3rd period - Backhand shot by Andrew Copp.
14:58 of 3rd period - Shot Blocked by Roman Josi.
15:00 of 3rd period - Slapshot by Aaron Ekblad.
15:00 of 3rd period - Stopped by Andrei Vasilevskiy with a rebound.
15:02 of 3rd period - Backhand shot by Ryan Nugent-Hopkins.
15:02 of 3rd period - Stopped by Andrei Vasilevskiy without a rebound.
15:03 of 3rd period - Ryan O'Reilly wins face-off versus Dylan Larkin in Colorado Rockies zone.
15:12 of 3rd period - Penalty to Evgeny Kuznetsov is over, Evgeny Kuznetsov is back on ice.
15:16 of 3rd period - Snap shot by Dylan Larkin.
15:16 of 3rd period - Deflect By Tyler Toffoli.
15:16 of 3rd period - Stopped by Andrei Vasilevskiy with a rebound.
15:18 of 3rd period - Snap shot by Mark Stone.
15:18 of 3rd period - Stopped by Andrei Vasilevskiy without a rebound.
15:19 of 3rd period - Ryan O'Reilly wins face-off versus Connor McDavid in Colorado Rockies zone.
15:19 of 3rd period - Ryan O'Reilly is hit by Ryan Nugent-Hopkins.
15:54 of 3rd period - Penalty to Victor Hedman is over, Victor Hedman is back on ice.
16:19 of 3rd period - Slapshot by Victor Hedman.
16:19 of 3rd period - Shot Blocked by Jacob Trouba.
16:43 of 3rd period - Snap shot by Nick Suzuki.
16:43 of 3rd period - Stopped by Andrei Vasilevskiy with a rebound.
16:45 of 3rd period - Slapshot by Nick Suzuki.
16:45 of 3rd period - Shot Misses the Net.
16:47 of 3rd period - Wrist shot by Mathew Barzal.
16:47 of 3rd period - Shot Blocked by Zach Werenski.
17:09 of 3rd period - Wrist shot by Mathew Barzal.
17:09 of 3rd period - Shot Blocked by Kevin Hayes.
17:11 of 3rd period - Slapshot by Jacob Trouba.
17:11 of 3rd period - Deflect By Zach Werenski.
17:11 of 3rd period - Stopped by Andrei Vasilevskiy with a rebound.
17:33 of 3rd period - Slapshot by Zach Werenski.
17:33 of 3rd period - Stopped by Connor Hellebuyck without a rebound.
17:34 of 3rd period - Sam Steel wins face-off versus Evgeny Kuznetsov in Winnipeg Jets zone.
17:34 of 3rd period - Sam Steel is hit by Nikita Kucherov.
18:04 of 3rd period - Slapshot by Quinn Hughes.
18:04 of 3rd period - Stopped by Connor Hellebuyck with a rebound.
18:06 of 3rd period - Slapshot by Ryan O'Reilly.
18:06 of 3rd period - Shot Blocked by Aaron Ekblad.
18:08 of 3rd period - Slapshot by Roman Josi.
18:08 of 3rd period - Deflect By Ryan O'Reilly.
18:08 of 3rd period - Stopped by Connor Hellebuyck with a rebound.
18:10 of 3rd period - Slapshot by Quinn Hughes.
18:10 of 3rd period - Shot Misses the Net.
18:30 of 3rd period - Winnipeg Jets, Connor Hellebuyck is pulled from the net.
19:02 of 3rd period - Snap shot by Ryan Nugent-Hopkins.
19:02 of 3rd period - Deflect By Andrew Copp.
19:02 of 3rd period - Stopped by Andrei Vasilevskiy with a rebound.
19:30 of 3rd period - Jacob Trouba is hit by Nikita Kucherov and loses puck.
19:39 of 3rd period - Wrist shot by Kyle Connor.
19:39 of 3rd period - Goal by Kyle Connor - Winnipeg Jets : 2 - Colorado Rockies : 4.
19:39 of 3rd period - Connor Hellebuyck from Winnipeg Jets was sent back in the game.
19:40 of 3rd period - Connor McDavid wins face-off versus Jesper Bratt in neutral zone.
19:57 of 3rd period - Wrist shot by Aaron Ekblad.
19:57 of 3rd period - Shot Blocked by Victor Hedman.
Goals for this period are 0 for Winnipeg Jets vs 2 for Colorado Rockies.
Shots for this period are 19 for Winnipeg Jets vs 18 for Colorado Rockies.
Back to the Top